 Dungeon Crawl Stone Soup version 0.31-a0-164-g2312942fda (webtiles) character file.

Game seed: 11414531731761624157

72113 dohliylev the Wrestler (level 15, -1/140 HPs)
             Began as a Troll Berserker on June 13, 2023.
             Was a High Priest of Trog.
             Shot with a bolt by an orc knight (12 damage)
             ... on level 2 of the Orcish Mines.
             The game lasted 00:49:39 (16615 turns).

dohliylev the Wrestler (Troll Berserker)           Turns: 16615, Time: 00:49:40

Health: -1/140     AC:  6    Str: 35    XL:     15   Next: 0%
Magic:  14/14      EV: 18    Int:  3    God:    Trog [*****.]
Gold:   1883       SH:  5    Dex:  9    Spells: 14/14 levels left

rFire   + .          .
                       - Unarmed
rCold   + + +        c - orb {light}
rNeg    . . .        E - +2 robe {rC+}
rPois   .            (helmet restricted)
rElec   .            P - scarf {rC+ rF+}
rCorr   .            (gloves unavailable)
SInv    .            (boots unavailable)
Will    +++..        b - amulet of reflection
Stlth   +            u - +5 ring of evasion
HPRegen 2.23/turn    A - ring of protection from cold
MPRegen 0.14/turn

%: reflection
@: strong-willed, regenerating, glowing, studying Dodging
A: large, unfitting armour, claws 3, regeneration 1, shaggy fur 1, tough skin 1
a: Renounce Religion, Berserk, Trog's Hand, Brothers in Arms


You were on level 2 of the Orcish Mines.
You worshipped Trog.
Trog was extremely pleased with you.
You visited 3 branches of the dungeon, and saw 18 of its levels.
You also visited: Sewer and Ice Cave.

You collected 1883 gold pieces.

Inventory:

Missiles
 v - a throwing net
Armour
 a - a +0 troll leather armour
 c - an orb of light (worn)
 D - a +0 kite shield of cold resistance
 E - a +2 robe of cold resistance (worn)
 P - a scarf of resistance (worn)
Jewellery
 b - an amulet of reflection (around neck)
 e - a ring of protection from fire
 u - a +5 ring of evasion (left claw)
 A - a ring of protection from cold (right claw)
 L - a ring of protection from fire
Wands
 g - a wand of flame (13)
 n - a wand of roots (8)
 x - a wand of paralysis (6)
 y - a wand of light (5)
 z - a wand of polymorph (10) (quivered)
 M - a wand of digging (2)
 O - a wand of mindburst (10)
Scrolls
 h - 2 scrolls of silence
 i - 2 scrolls of fog
 l - 7 scrolls of teleportation
 m - 3 scrolls of blinking
 p - 4 scrolls of revelation
 q - 2 scrolls of summoning
 w - a scroll of enchant armour
 G - 3 scrolls of fear
 N - a scroll of torment
Potions
 d - 4 potions of enlightenment
 f - 3 potions of curing
 j - 4 potions of cancellation
 k - 3 potions of ambrosia {unknown}
 o - 8 potions of mutation {unknown}
 r - a potion of attraction {unknown}
 s - 4 potions of heal wounds {unknown}
 t - 2 potions of lignification {unknown}
 B - a potion of brilliance {unknown}
 C - a potion of resistance {unknown}
 F - 2 potions of might {unknown}
 H - 3 potions of haste {unknown}
 I - a potion of berserk rage {unknown}
 K - 3 potions of magic {unknown}


   Skills:
 + Level 7.0 Fighting
 + Level 11.2 Dodging
 + Level 5.1 Shields
 + Level 21.8 Unarmed Combat
 + Level 1.3 Evocations


You had 14 spell levels left.
You didn't know any spells.
Your spell library contained the following spells:

 Spells                   Type           Power      Damage    Failure   Level
 Cigotuvi's Dreadful Rot  Necr/Pois/Air  0%         N/A       67%         2
 Sublimation of Blood     Necr           0%         N/A       67%         2
 Hailstorm                Conj/Ice       0%         3d3       88%         3
 Dispel Undead            Necr           0%         3d6       99%         4
 Agony                    Necr           0%         N/A       100%        5
 Polar Vortex             Ice            0%         N/A       100%        9


Dungeon Overview and Level Annotations

Branches:
Dungeon (11/15)            Temple (0/1) D:6            Lair (5/5) D:8
  Swamp (0/4) Lair:2        Snake (0/4) Lair:2        Slime (0/5) Lair:4
    Orc (2/2) D:11            Elf (0/3) Orc:2         Sewer (visited)
  IceCv (visited)

Altars:
Ashenzari
Cheibriados
Fedhas
Kikubaaqudgha
Okawaru
Qazlal
Sif Muna
Trog
Vehumet
Xom
Zin

Shops:
D:6 *:   D:11 =   Orc:1 :[((   Orc:2 **

Annotations:
Orc:2 1 runed translucent door


Innate Abilities, Weirdness & Mutations

You are too large for most types of armour.
You have claws for hands.
Your natural rate of healing is unusually fast.
You are covered in fur. (AC +1)
You have tough skin. (AC +1)


Message History

Trog accepts your kill.
Your skin crawls.
You feel strong-willed.
The orc knight shoots a bolt.
The bolt hits you!
You mangle the orc warrior!!
The orc warrior is almost dead.
The orc warrior hits you but does no damage.
The orc knight roars a battlecry!
The orcs go into a battle-frenzy!
You barely miss the orc warrior.
The orc warrior is almost dead.
You recover from your berserk rage.
The orc warrior barely misses you.
The orc warrior hits you with a +0 hand axe!!
You eviscerate the orc warrior!!!
You kill the orc warrior!
Trog accepts your kill.
You eviscerate the ogre!!!
You kill the ogre!
Trog accepts your kill.
The orc knight shoots a bolt.
The bolt completely misses you.
You have reached level 15!
Your experience leads to an increase in your attributes!
Increase (S)trength, (I)ntelligence, or (D)exterity?
You feel stronger. x3
You claw the orc!
You kill the orc!
Trog accepts your kill.
You mangle the orc warrior!!
The orc warrior is almost dead.
The orc warrior hits you with a +0 dire flail.
The orc knight shoots a bolt.
The bolt hits you!
* * * LOW HITPOINT WARNING * * *
You eviscerate the orc warrior!!!
You kill the orc warrior!
Trog accepts your kill.
The orc knight shoots a bolt.
The bolt hits you!!
* * * LOW HITPOINT WARNING * * *
The orc knight shoots a bolt.
The bolt hits you!
You die...

).......)...........#
....................
#
...###...##..##..##.
.# .≈≈#
#≈≈.....)....##..#
≈≈≈#
#≈≈≈..........#..#
≈≈##
##≈≈≈≈...........#
### ###≈≈≈≈..).).#..#
# ##≈≈≈≈...).#..# .
........@.....# ..
...............# ##
###≈≈≈≈..o..#..# ###
#≈≈≈≈......#..# ≈≈#
≈≈≈......... .# ≈≈≈
..........#. # .≈ #
.........##.. ...#
##..##..## .# ....


You could see an orc knight.

Vanquished Creatures
  An orc warlord (Orc:1)
  3 hydras
  An ice dragon (Orc:1)
  3 two-headed ogres
  12 death yaks
  2 skysharks (Lair:5)
  2 fire crabs (Lair:4)
  Pikel (D:8)
  A necromancer (IceCv)
  4 orc knights
  A harpy (D:11)
  2 orc sorcerers
  A manticore (D:11)
  11 elephants
  9 black mambas
  An ice statue (IceCv)
  2 molten gargoyles (Lair:4)
  An unseen horror (D:11)
  4 freezing wraiths (IceCv)
  20 cane toads
  A rime drake (Lair:2)
  2 anaconda simulacra (IceCv)
  A kobold demonologist (D:9)
  8 komodo dragons
  9 ice devils (IceCv)
  The ghost of Thantalas the Shooter, an amateur MiHu (D:5)
  A troll (D:9)
  2 tyrant leeches (Lair:5)
  3 hornets
  5 polar bears
  Prince Ribbit (D:8)
  17 blink frogs
  A shadow (D:10)
  3 dire elephant simulacra (IceCv)
  54 yaks
  5 basilisks
  7 vampire mosquitoes
  Menkaure (D:6)
  5 harpy simulacra (IceCv)
  6 death yak simulacra (IceCv)
  4 acid dragons
  3 wargs (Orc:1)
  13 water moccasins
  A sky beast (D:6)
  40 orc warriors
  An ice beast (D:7)
  A black bear (D:4)
  A swamp drake (Lair:2)
  9 ogres
  31 wolves
  12 centaurs
  A lemure (D:8)
  A phantom (D:5)
  A kobold brigand (Sewer)
  9 bullfrogs
  2 two-headed ogre simulacra (IceCv)
  2 scorpions (D:6)
  2 cane toad simulacra (IceCv)
  20 wights
  4 elephant simulacra (IceCv)
  3 killer bees (D:7)
  2 electric eels
  5 lava snakes (Lair:4)
  12 orc priests
  4 hounds
  2 jellies (D:5)
  2 sleepcaps (D:5)
  Jessica (D:2)
  Ijyb (D:3)
  Natasha (twice) (D:3)
  5 iguanas
  6 polar bear simulacra (IceCv)
  17 orc wizards
  A spriggan simulacrum (IceCv)
  2 wolf simulacra (IceCv)
  9 gnolls
  8 adders
  A river rat (Sewer)
  A naga simulacrum (IceCv)
  A shadow imp (D:7)
  4 white imps
  7 worms
  2 dart slugs
  69 orcs
  5 bats
  5 endoplasms
  4 giant cockroaches
  7 goblins
  8 hobgoblins
  3 jackals (D:1)
  4 quokkas
  10 ball pythons
  3 frilled lizards (D:3)
  13 kobolds
  6 rats
608 creatures vanquished.

Vanquished Creatures (collateral kills)
  A hydra (Lair:5)
  An orc high priest (Orc:1)
  An orc sorcerer (Orc:1)
  3 cane toads (Lair:5)
  A troll (Orc:1)
  An orc wizard (Orc:1)
8 creatures vanquished.

Grand Total: 616 creatures vanquished

Notes
Turn   | Place    | Note
-------+----------+-------------------------------------------
     0 | D:1      | dohliylev the Troll Berserker began the quest for the Orb.
     0 | D:1      | Reached XP level 1. HP: 22/22 MP: 0/0
   190 | D:1      | Reached XP level 2. HP: 26/29 MP: 1/1
   602 | D:2      | Identified the ring of Freedom {rPois rF- Int-4 Dex+6
                  | Stlth+}
   628 | D:2      | Noticed Jessica
   635 | D:2      | Killed Jessica
   636 | D:2      | Reached XP level 3. HP: 36/36 MP: 2/2
   711 | D:2      | Reached ** piety under Trog
   712 | D:2      | Reached XP level 4. HP: 13/44 MP: 3/3
   714 | D:2      | Reached skill level 4 in Unarmed Combat
   958 | D:2      | Found a stormy altar of Qazlal.
  1182 | D:2      | Identified the +7 rapier of Extinguishment {heavy, rN+ MP+9
                  | Stlth+}
  1497 | D:3      | Reached XP level 5. HP: 47/53 MP: 4/4
  1510 | D:3      | Noticed Ijyb
  1518 | D:3      | Killed Ijyb
  1626 | D:3      | Found a blossoming altar of Fedhas.
  1640 | D:3      | Noticed Natasha
  1648 | D:3      | Killed Natasha
  1649 | D:3      | Reached skill level 5 in Unarmed Combat
  1651 | D:3      | Found a shimmering altar of Xom.
  1803 | D:3      | Noticed Natasha
  1808 | D:3      | Killed Natasha
  1808 | D:3      | Reached *** piety under Trog
  1955 | D:4      | Noticed a black bear
  1958 | D:4      | Found a radiant altar of Vehumet.
  1962 | D:4      | Killed a black bear
  1963 | D:4      | Reached XP level 6. HP: 51/61 MP: 5/5
  1965 | D:4      | Found a glowing drain.
  1978 | D:4      | Reached skill level 6 in Unarmed Combat
  1987 | Sewer    | Entered a sewer
  2200 | Sewer    | Reached XP level 7. HP: 57/67 MP: 6/6
  2372 | D:4      | Reached skill level 7 in Unarmed Combat
  2375 | D:4      | Reached **** piety under Trog
  2532 | D:4      | Found an ancient bone altar of Kikubaaqudgha.
  2674 | D:5      | Entered Level 5 of the Dungeon
  2706 | D:5      | Found a runed translucent door.
  2710 | D:5      | Noticed Thantalas's ghost (amateur MiHu)
  2726 | D:5      | Killed Thantalas's ghost
  2727 | D:5      | Reached skill level 8 in Unarmed Combat
  2727 | D:5      | Reached XP level 8. HP: 58/75 MP: 7/7
  3033 | D:5      | Found an iron altar of Okawaru.
  3064 | D:5      | Reached skill level 9 in Unarmed Combat
  3263 | D:5      | Found a stormy altar of Qazlal.
  3546 | D:6      | Found a staircase to the Ecumenical Temple.
  3647 | D:6      | Reached skill level 10 in Unarmed Combat
  3651 | D:6      | Noticed Menkaure
  3657 | D:6      | Killed Menkaure
  3683 | D:6      | Found a bloodstained altar of Trog.
  3731 | D:6      | Found Mauddump's Book Shoppe.
  3913 | D:6      | Found Zin's Purification Station.
  3913 | D:6      | Found a glowing silver altar of Zin.
  3923 | D:6      | Reached XP level 9. HP: 66/84 MP: 8/8
  4040 | D:6      | Found a shimmering blue altar of Sif Muna.
  4385 | D:7      | Reached skill level 11 in Unarmed Combat
  4388 | D:7      | Reached skill level 5 in Dodging
  5357 | D:8      | Reached skill level 12 in Unarmed Combat
  5493 | D:8      | Reached XP level 10. HP: 94/94 MP: 9/9
  5505 | D:8      | Reached ***** piety under Trog
  5516 | D:8      | Reached skill level 13 in Unarmed Combat
  5575 | D:8      | Found a staircase to the Lair.
  5696 | D:8      | Noticed Prince Ribbit
  5704 | D:8      | Killed Prince Ribbit
  5710 | D:8      | Noticed Pikel
  5717 | D:8      | Killed Pikel
  6341 | D:9      | Reached skill level 14 in Unarmed Combat
  6435 | D:9      | Identified the +7 chain mail "Wyahogg" {Drain +Inv SInv}
  6456 | D:9      | Noticed a rust devil
  6662 | D:9      | Noticed a two-headed ogre
  6667 | D:9      | Killed a two-headed ogre
  6668 | D:9      | Reached XP level 11. HP: 101/101 MP: 10/10
  6740 | D:10     | Entered Level 10 of the Dungeon
  7008 | D:10     | Noticed a two-headed ogre
  7015 | D:10     | Killed a two-headed ogre
  7016 | D:10     | Reached skill level 15 in Unarmed Combat
  7067 | D:10     | Found a snail-covered altar of Cheibriados.
  7147 | D:10     | Found a broken altar of Ashenzari.
  7353 | D:10     | Identified a scroll of acquirement
  7380 | D:11     | Found a staircase to the Orcish Mines.
  7576 | D:11     | Identified the ring "Librurut" {Will+ MP+9}
  7639 | D:11     | a manticore changed into a harpy
  7639 | D:11     | Noticed a harpy
  7642 | D:11     | Killed a harpy
  7643 | D:11     | Reached skill level 5 in Fighting
  7643 | D:11     | Reached skill level 1 in Shields
  7789 | D:11     | Identified the +5 trident of Defence by Offence {flame,
                  | *Slow rF+ Dex+3}
  7810 | D:11     | Noticed a two-headed ogre
  7815 | D:11     | Killed a two-headed ogre
  7818 | D:11     | Found Sukarr's Jewellery Boutique.
  8697 | Lair:1   | Entered Level 1 of the Lair of Beasts
  8708 | Lair:1   | Reached skill level 16 in Unarmed Combat
  9109 | Lair:1   | Reached XP level 12. HP: 104/111 MP: 11/11
  9611 | Lair:1   | Paralysed by a hornet for 3 turns
  9727 | Lair:1   | Reached skill level 17 in Unarmed Combat
 10092 | Lair:2   | Found a staircase to the Snake Pit.
 10166 | Lair:2   | Found a staircase to the Swamp.
 10217 | Lair:2   | Noticed a six-headed hydra
 10228 | Lair:2   | Killed an 11-headed hydra
 10534 | Lair:2   | Noticed a seven-headed hydra
 10544 | Lair:2   | Killed an 11-headed hydra
 10545 | Lair:2   | Reached skill level 18 in Unarmed Combat
 10545 | Lair:2   | Reached skill level 1 in Evocations
 10592 | Lair:2   | Noticed a death yak
 10592 | Lair:2   | Noticed a death yak
 10592 | Lair:2   | Noticed a death yak
 10598 | Lair:2   | Noticed a death yak
 10599 | Lair:2   | Noticed a death yak
 10620 | Lair:2   | Noticed a death yak
 10624 | Lair:2   | Killed a death yak
 10629 | Lair:2   | Killed a death yak
 10633 | Lair:2   | Killed a death yak
 10633 | Lair:2   | Received a gift from Trog
 10639 | Lair:2   | Killed a death yak
 10640 | Lair:2   | Reached XP level 13. HP: 109/120 MP: 12/12
 11294 | Lair:3   | Reached skill level 19 in Unarmed Combat
 11625 | Lair:3   | Identified the +2 leather armour of the Silversmith {Fly
                  | rF- Str+5}
 12353 | Lair:4   | Found an ancient bone altar of Kikubaaqudgha.
 12612 | Lair:4   | Reached skill level 20 in Unarmed Combat
 12669 | Lair:4   | Acquired a manual of Dodging
 12914 | Lair:4   | Found a staircase to the Slime Pits.
 13095 | Lair:5   | Entered Level 5 of the Lair of Beasts
 13167 | Lair:5   | Reached XP level 14. HP: 119/131 MP: 13/13
 13403 | Lair:5   | Received a gift from Trog
 13737 | Lair:5   | Reached skill level 10 in Dodging
 14445 | Orc:1    | Entered Level 1 of the Orcish Mines
 14479 | Orc:1    | Found Xuis's Book Shop.
 14491 | Orc:1    | Found Fonoidu's Armour Emporium.
 14497 | Orc:1    | Found Qoack's Antique Weapon Emporium.
 14546 | Orc:1    | Found a frozen archway.
 14574 | Orc:1    | Reached skill level 21 in Unarmed Combat
 14586 | IceCv    | Entered an ice cave
 14816 | IceCv    | Received a gift from Trog
 14918 | IceCv    | Found an ancient bone altar of Kikubaaqudgha.
 15406 | IceCv    | Got the Reference Book on the Vile Chill
 15680 | Orc:1    | Found Mutaniobb's Weapon Shop.
 16039 | Orc:1    | Noticed an orc warlord
 16050 | Orc:1    | Killed an orc warlord
 16113 | Orc:2    | Entered Level 2 of the Orcish Mines
 16115 | Orc:2    | Received a gift from Trog
 16154 | Orc:2    | Reached skill level 5 in Shields
 16238 | Orc:2    | Found a runed translucent door.
 16346 | Orc:2    | Found Emurof's General Store.
 16350 | Orc:2    | Found Geurunah's Specific Store.
 16399 | Orc:2    | Found a staircase to the Elven Halls.
 16611 | Orc:2    | Reached XP level 15. HP: 49/140 MP: 14/14
 16615 | Orc:2    | Shot with a bolt by an orc knight

Illustrated notes

Levels and vault maps discovered:
D:1:      sevenhm_arrival_forest_fort_large_2, layout_rooms
D:2:      layout_basic, basic_altar, serial_bayou_lake_a, uniq_jessica
D:3:      layout_rooms, brannock_xom_greatest_gift,
          mainiacjoe_overflow_24_doors, hex_tiny, chequers_hall_statues_y,
          corexii_item_surrounded_by_moat, uniq_natasha, uniq_ijyb
D:4:      layout_basic, vehumet_crystals, mainiacjoe_overflow_alcove_2,
          cheibrodos_sewer_entry_drain
D:5:      layout_basic, lemuel_doored_altar, nicolae_qazlal_general_emergency,
          nicolae_overflow_hidden_temple, ebering_ghost_sewer_d,
          kennysheep_flooded_box, kennysheep_crisscross, minmay_misc_feat_x
D:6:      layout_basic, led_sif_pool, zin_purify, bloody_trog, temple_green,
          serial_shops, nicolae_shop_hallway_stairs, uniq_menkaure
D:7:      layout_basic
D:8:      layout_basic, lair_entry_dummy, chequers_serial_rivers_micro_c,
          due_unseen_surprise, uniq_prince_ribbit1, uniq_pikel
D:9:      layout_rooms, kennysheep_another_room
D:10:     layout_roguey, marbit_many_paths, amcnicky_altar_gilded
D:11:     layout_layer_cave, minmay_orc_entry_temple_small, serial_shops,
          nicolae_shop_tiny_glass, grunt_decor_mini_mirrors
Lair:1:   layout_regular_city, pdpol_lair_cavern_descent, lemuel_fruit_fields
Lair:2:   layout_chaotic_city, minmay_swamp_entry_reptiles,
          minmay_snake_entry_six_corridors, serial_bayou_shore_b
Lair:3:   layout_cave_pods, lemuel_fruit_tree
Lair:4:   cheibrodos_magma_flow, layout_regular_city, slime_entry_1, basic_altar
Lair:5:   minmay_lair_end_frog_pond, layout_regular_city, gauntlet_entry_generic
Orc:1:    layout_diamond_mine, portal_ice_cave_entry_animals_and_master,
          enter_volcano_1, serial_shops, nicolae_shop_rolling_square, shop,
          nicolae_shop_trees, shop, minmay_orc_barracks
Orc:2:    st_orc_rangers, layout_caves, nicolae_specific_store,
          lightli_church_of_beogh

Skill      XL: |  1  2  3  4  5  6  7  8  9 10 11 12 13 14 |
---------------+-------------------------------------------+-----
Dodging        | 3 4 5 6 7 8 9 11 | 11.2
Fighting       | 3 4 5 6 7 |  7.0
Unarmed Combat | 4 5 6 8 10 12 14 16 18 20 21 | 21.8
Shields        | 2 3 4 5 |  5.1
Evocations     | 1 |  1.3

Action                     |  1- 3 |  4- 6 |  7- 9 | 10-12 | 13-15 || total
---------------------------+-------+-------+-------+-------+-------++-------
  Melee: Unarmed           |    52 |   119 |   214 |   423 |   718 ||  1526
         Punch             |       |       |       |       |     1 ||     1
 Invoke: Berserk           |       |     1 |     4 |    10 |    10 ||    25
         Trog's Hand       |       |       |     1 |     4 |     9 ||    14
         Brothers in Arms  |       |       |       |       |     2 ||     2
  Evoke: Wand              |       |       |       |     8 |       ||     8
    Use: Scroll            |       |     7 |       |    12 |     2 ||    21
 Armour: Animal skin       |    19 |    24 |    24 |    43 |    38 ||   148
         Robe              |       |       |       |       |    21 ||    21
  Dodge: Dodged            |    30 |    70 |   133 |   269 |   410 ||   912
  Block: Orb               |       |       |       |    70 |   111 ||   181
         Reflection        |       |       |       |     4 |    22 ||    26
         Kite shield       |       |       |       |       |    67 ||    67
         Other             |       |       |       |       |     1 ||     1

Table legend: (Time is in decaauts)
 A = Elapsed time spent in this place.
 B = Non-inter-level travel time spent in this place.
 C = Inter-level travel time spent in this place.
 D = Time resting spent in this place.
 E = Time spent auto-exploring this place.
 F = Levels seen in this place.
 G = Mean time per level.
                   A        B        C        D        E       F      G
               +--------+--------+--------+--------+--------+-----+--------+
         Total |  16406 |  15702 |    704 |   1897 |  10086 |  20 |  820.3 |
       Dungeon |   8459 |   8006 |    453 |    399 |   6074 |  11 |  769.0 |
          Lair |   5585 |   5358 |    227 |    982 |   3268 |   5 | 1117.0 |
  Orcish Mines |   1139 |   1115 |     24 |    150 |    310 |   2 |  569.5 |
         Sewer |    271 |    271 |      0 |      0 |    147 |   1 |  271.0 |
      Ice Cave |    950 |    950 |      0 |    364 |    286 |   1 |  950.0 |
               +--------+--------+--------+--------+--------+-----+--------+

Top non-repeatable levels by time:
  Lair:1: 1310 daAuts
  Lair:4: 1200 daAuts
    D:11: 1158 daAuts
  Lair:5: 1128 daAuts
  Lair:2: 1093 daAuts
     D:7: 1085 daAuts
     D:8: 1059 daAuts
   IceCv: 950 daAuts
     D:2: 891 daAuts
  Lair:3: 853 daAuts
     D:5: 851 daAuts
    D:10: 688 daAuts
     D:6: 673 daAuts
   Orc:1: 664 daAuts
     D:1: 573 daAuts
